Cogmind - Beta 14 @@@ ROGUE MODE // 2024.10.24 @ 13:30:16 Player: Shiirru Result: Core destroyed Performance ------------- Evolutions (0) 0 Regions Visited (4) 800 Robots Destroyed (14) 70 Value Destroyed (352) 352 Prototype IDs (2) 40 Alien Tech Used (0) 0 Bonus (0) 0 TOTAL SCORE: 1262 Bonus ------- None Cogmind --------- Core Integrity 0/250 Matter 173/300 Energy 240/265 System Corruption 3% Temperature Critical (589) Movement Core (650) Ox12 Location -9/Mines Parts ------- > --- POWER (1) -------- Reinforced Ion Engine > --- PROPULSION (2) --- Compact Wheel (fused) > --- UTILITY (2) ------ Large Storage Unit > --- WEAPON (2) ------- Advanced Beam Cannon Grenade Launcher > --- INVENTORY (15) --- Light Treads Combat Airjet Weight Redist. System Experimental Sensor Array Launcher Guidance Computer Utility Shielding Improved Light Armor Plating Advanced Beam Cannon Assault Rifle Light Assault Rifle Light Cannon Rocket Launcher Peak State ------------ > --- POWER ------------ Reinforced Ion Engine > --- PROPULSION ------- Light Treads Combat Airjet > --- UTILITY ---------- Large Storage Unit Experimental Sensor Array > --- WEAPON ----------- Advanced Beam Cannon Advanced Beam Cannon > --- INVENTORY -------- Weight Redist. System Launcher Guidance Computer Utility Shielding Improved Light Armor Plating Advanced Beam Cannon Assault Rifle Light Assault Rifle Light Cannon Grenade Launcher [Rating: 25] Favorites ----------- Power Light Ion Engine Engine Light Ion Engine Propulsion Light Treads Treads Light Treads Wheel Compact Wheel Hover Unit Combat Airjet Utility Medium Storage Unit Device Experimental Sensor Array Storage Medium Storage Unit Protection Utility Shielding Weapon Advanced Beam Cannon Energy Cannon Advanced Beam Cannon Ballistic Gun Assault Rifle Launcher Grenade Launcher Build | -11 -10 -10 -10 -9 ------- Run | Yrd Mat Min Exi Min Slots Evolved . | . . . . . Power . | . . . . . Propulsion . | . . . . . Utility . | . . . . . Weapon . | . . . . . Parts Attached 18 | 6 4 2 1 5 Power 2 | 1 . . . 1 Engine 2 | 1 . . . 1 Core . | . . . . . Reactor . | . . . . . Propulsion 6 | 2 . 1 . 3 Treads 3 | 2 . . . 1 Leg . | . . . . . Wheel 2 | . . . . 2 Hover 1 | . . 1 . . Flight . | . . . . . Utility 5 | 1 2 1 1 . Device 1 | . . 1 . . Storage 3 | 1 1 . 1 . Processor . | . . . . . Hackware . | . . . . . Protection 1 | . 1 . . . Artifact . | . . . . . Weapon 5 | 2 2 . . 1 Energy Gun . | . . . . . Energy Cannon 2 | . 2 . . . Ballistic Gun 2 | 2 . . . . Ballistic Cannon . | . . . . . Launcher 1 | . . . . 1 Special Weapon . | . . . . . Impact Weapon . | . . . . . Slashing Weapon . | . . . . . Piercing Weapon . | . . . . . Special Melee Weapon . | . . . . . Unidentified Prototypes 2 | . 1 1 . . Parts Lost 3 | . . . . 3 Power 1 | . . . . 1 Propulsion 1 | . . . . 1 Utility . | . . . . . Weapon 1 | . . . . 1 Highest Loss Streak 2 | . . . . 2 To Critical Strikes . | . . . . . Average Slot Usage (%) 89 | . 95 96 85 84 Engine 13 | . 14 14 14 13 Treads 11 | . 28 21 . 1 Wheel 6 | . . . . 23 Hover 4 | . . 3 14 . Device 4 | . . . 14 2 Storage 14 | . 14 14 14 14 Protection 5 | . 10 13 . . Energy Cannon 24 | . 10 28 28 27 Ballistic Gun 3 | . 17 . . . Peak Build Rating 25 | 6 12 23 23 25 Average Rating 14 | 3 8 12 23 15 On Entrance 12 | . 6 12 23 23 Naked Turns . | . . . . . Heaviest Build 39 | 11 22 22 32 39 Greatest Support 40 | 40 40 40 12 32 Greatest Overweight (x) 2 | . . 1 2 2 Average Overweight (x) . | . . . 1 1 Largest Inventory Capacity 15 | 8 10 10 15 15 Average Capacity 11 | 6 9 10 10 15 Most Carried 13 | 4 9 10 10 13 Average Carried 8 | 1 4 8 9 12 Final Capacity 15 | 8 10 10 15 15 Final Carried 12 | 1 9 9 9 12 Class Distribution -------------------- 100% | Mutant Dominant Class ---------------- Mutant | -10/Materials Mutant | -10/Mines Mutant | -10/Exiles Mutant | -9/Mines Resources | -11 -10 -10 -10 -9 ----------- Run | Yrd Mat Min Exi Min Matter Collected 451 | 185 182 19 . 65 Remotely . | . . . . . Salvage Created 535 | . 287 55 . 193 Parts 43 | . 30 3 . 10 Haulers Intercepted 1 | . 1 . . . Recyclers Shooed 1 | . 1 . . . Parts Field Recycled . | . . . . . Retrieved Matter . | . . . . . Parts Self-Destructed . | . . . . . Prevented . | . . . . . Kills | -11 -10 -10 -10 -9 ------- Run | Yrd Mat Min Exi Min Combat Hostiles Destroyed 11 | . 6 2 . 3 Guns 2 | . 2 . . . Cannons 9 | . 4 2 . 3 Classes Destroyed 8 | . 4 2 . 2 Hauler 1 | . 1 . . . Recycler 1 | . . . . 1 Watcher 2 | . 2 . . . Swarmer 3 | . 2 . . 1 Grunt 5 | . 4 . . 1 Brawler 1 | . . . . 1 Demolisher 1 | . . 1 . . Assembled 1 | . . 1 . . Best Kill Streak 4 | . 4 1 . 2 Combat Bots Only 2 | . 2 1 . 2 Max Kills in Single Turn 1 | . 1 1 . 1 Gunslinging . | . . . . . Exploded . | . . . . . Melee . | . . . . . Uniques/NPCs Destroyed . | . . . . . Combat | -11 -10 -10 -10 -9 -------- Run | Yrd Mat Min Exi Min Hostile Shots Fired 104 | . 50 . . 54 Missed 22 | . 14 . . 8 Damage Taken 882 | . 449 . . 433 Core 261 | . 171 . . 90 Absorbed by Shields . | . . . . . Redirected to Shielding 5 | . 5 . . . Core Remaining (%) 100 | 100 . . . . Volleys Fired 55 | . 37 2 . 16 Largest 2 | . 2 2 . 2 Hottest 136 | . 136 136 . 136 Shots Fired 91 | . 60 4 . 27 Gun 38 | . 38 . . . Cannon 53 | . 22 4 . 27 Launcher . | . . . . . Special . | . . . . . Kinetic 38 | . 38 . . . Thermal 53 | . 22 4 . 27 Explosive . | . . . . . Electromagnetic . | . . . . . Robot Hit Streak 12 | . 12 5 . 3 Robot Miss Streak 6 | . 3 1 . 6 Penetration Max . | . . . . . Secondary Targets 1 | . 1 . . . Max Gunslinging Chain 1 | . 1 . . . Shots Hit Robots 50 | . 37 2 . 11 Core Hits 20 | . 14 2 . 4 Critical Kills . | . . . . . Critical Parts Destroyed . | . . . . . Critical Strikes . | . . . . . Melee Attacks . | . . . . . Impact . | . . . . . Slashing . | . . . . . Piercing . | . . . . . Sneak Attacks . | . . . . . Combat Hostiles . | . . . . . Follow-up Attacks . | . . . . . Damage Inflicted 740 | . 472 41 . 227 Guns 204 | . 204 . . . Cannons 536 | . 268 41 . 227 Explosions . | . . . . . Melee . | . . . . . Ramming . | . . . . . Kinetic 204 | . 204 . . . Thermal 536 | . 268 41 . 227 Explosive . | . . . . . Electromagnetic . | . . . . . Impact . | . . . . . Slashing . | . . . . . Piercing . | . . . . . Highest Corruption 3 | . . . . 3 Average Corruption 3 | . . . . 3 Corruption Purged . | . . . . . Corruption Blocked . | . . . . . Effects 12 | . . . . 12 Matter Fused 2 | . . . . 2 Heat Flow Errors 2 | . . . . 2 Energy Discharges 2 | . . . . 2 Parts Fused 1 | . . . . 1 Data Loss (minor) 2 | . . . . 2 Misfires 1 | . . . . 1 Alerts 1 | . . . . 1 Weapon Failures 1 | . . . . 1 Overload Shots . | . . . . . Overflow Damage 10 | . . . . 10 Projectiles 10 | . . . . 10 Explosions . | . . . . . Melee . | . . . . . Knockbacks . | . . . . . Impact . | . . . . . Kinetic . | . . . . . Secondary . | . . . . . Self-Inflicted Damage . | . . . . . Shots . | . . . . . Rammed . | . . . . . Targets Rammed . | . . . . . Kicked . | . . . . . Crushed . | . . . . . Highest Temperature 614 | . 231 75 . 614 Average Temperature 141 | . 97 40 . 205 Received Heat Transfer 123 | . 123 . . . Effects 12 | . 2 . . 10 Shutdowns 2 | . . . . 2 Interference 4 | . 2 . . 2 Matter Decay 2 | . . . . 2 Short Circuit 1 | . . . . 1 Damage (minor) 1 | . . . . 1 Damage (major) 1 | . . . . 1 Damage (core) 1 | . . . . 1 Siege Activations . | . . . . . Robots Corrupted . | . . . . . Combat Hostiles . | . . . . . Parts Fried . | . . . . . Impact Corruptions . | . . . . . Robots Melted . | . . . . . Combat Hostiles . | . . . . . Parts Melted . | . . . . . Heat Transferred 962 | . 481 74 . 407 Parts Sabotaged . | . . . . . Parts Stolen . | . . . . . Parts Stripped . | . . . . . Power Chain Reactions . | . . . . . Alert | -11 -10 -10 -10 -9 ------- Run | Yrd Mat Min Exi Min Peak Influence 326 | . 326 82 . 45 Initial 48 | . . 48 . . Average 61 | . 134 38 . 33 Maximum Alert Level 1 | . 1 . . . Low Security (%) 90 | 100 67 100 . 100 Level 1 9 | . 32 . . . Level 2 . | . . . . . Level 3 . | . . . . . Level 4 . | . . . . . Level 5 . | . . . . . High Security . | . . . . . Max Security . | . . . . . Squads Dispatched 1 | . 1 . . . Investigation . | . . . . . Extermination . | . . . . . Reinforcement 1 | . 1 . . . Assault . | . . . . . Garrison . | . . . . . Intercept . | . . . . . Searches Triggered . | . . . . . Construction Impeded . | . . . . . Haulers Reinforced . | . . . . . Active Scanning Responses . | . . . . . Cargo Convoy Interrupts . | . . . . . Stealth | -11 -10 -10 -10 -9 --------- Run | Yrd Mat Min Exi Min Distress Signals 4 | . 4 . . . Communications Jammed . | . . . . . Distress Signals . | . . . . . Times Spotted 26 | . 18 3 . 5 Peak Tracking Total 6 | . 6 2 . 3 Tactical Retreats 4 | . 4 . . . Traps | -11 -10 -10 -10 -9 ------- Run | Yrd Mat Min Exi Min Traps Triggered . | . . . . . Indirectly . | . . . . . Trap Hack Attempts . | . . . . . Triggered . | . . . . . Disarmed . | . . . . . Reprogrammed . | . . . . . Reused . | . . . . . Traps Extracted . | . . . . . Installed . | . . . . . Triggered . | . . . . . Machines | -11 -10 -10 -10 -9 ---------- Run | Yrd Mat Min Exi Min Machines Disabled 2 | . 2 . . . Max in Single Turn 1 | . 1 . . . Machines Repaired . | . . . . . Machines Dismantled . | . . . . . Machines Sabotaged . | . . . . . Overloaded Fab Kills . | . . . . . Hacking | -11 -10 -10 -10 -9 --------- Run | Yrd Mat Min Exi Min Machines Accessed . | . . . . . Terminals . | . . . . . Fabricators . | . . . . . Repair Stations . | . . . . . Recycling Units . | . . . . . Scanalyzers . | . . . . . Garrison Access . | . . . . . Total Hacks . | . . . . . Successful . | . . . . . Failed . | . . . . . Catastrophic . | . . . . . Database Lockouts . | . . . . . Manual . | . . . . . Terminals . | . . . . . Fabricators . | . . . . . Repair Stations . | . . . . . Recycling Units . | . . . . . Scanalyzers . | . . . . . Garrison Access . | . . . . . Terminal Hacks . | . . . . . Fabricator Hacks . | . . . . . Repair Station Hacks . | . . . . . Recycling Unit Hacks . | . . . . . Scanalyzer . | . . . . . Garrison Access Hacks . | . . . . . Unauthorized Hacks . | . . . . . Terminals . | . . . . . Fabricators . | . . . . . Repair Stations . | . . . . . Recycling Units . | . . . . . Scanalyzers . | . . . . . Garrison Access . | . . . . . Data Cores Recovered . | . . . . . Used . | . . . . . Hacking Detections . | . . . . . Full Trace Events . | . . . . . Feedback Events . | . . . . . Feedback Blocked . | . . . . . Robot Schematics Acquired . | . . . . . Robots Built . | . . . . . Authchips . | . . . . . Time . | . . . . . Total Robot Build Rating . | . . . . . Part Schematics Acquired . | . . . . . Parts Built . | . . . . . Authchips . | . . . . . Time . | . . . . . Total Part Build Rating . | . . . . . Parts Repaired . | . . . . . Time . | . . . . . Parts Recycled . | . . . . . Recycled Matter . | . . . . . Retrieved Matter . | . . . . . Retrieved Components . | . . . . . Parts Scanalyzed . | . . . . . Part Schematics Acquired . | . . . . . Parts Damaged . | . . . . . Bothacking | -11 -10 -10 -10 -9 ------------ Run | Yrd Mat Min Exi Min Used RIF Installer . | . . . . . Robots Hacked . | . . . . . Non-combat . | . . . . . Combat . | . . . . . Robot Hacks Applied . | . . . . . Relay Couplers Released . | . . . . . Fabnet Peak Effective % . | . . . . . Robots Rewired . | . . . . . Allies Hacked . | . . . . . Hacks Repelled . | . . . . . Allies | -11 -10 -10 -10 -9 -------- Run | Yrd Mat Min Exi Min Total Allies 2 | . . 2 . . Largest Group 2 | . . 2 2 . Highest-Rated Group 41 | . . 41 41 . Highest-Rated Ally 31 | . . 31 31 . Total Orders . | . . . . . Ally Attacks . | . . . . . Total Damage . | . . . . . Kills . | . . . . . Allies Corrupted . | . . . . . Allies Melted . | . . . . . Intel | -11 -10 -10 -10 -9 ------- Run | Yrd Mat Min Exi Min Robot Analysis Total . | . . . . . Derelict Logs Recovered . | . . . . . Drone Launches . | . . . . . Drone Recoveries . | . . . . . Exploration | -11 -10 -10 -10 -9 ------------- Run | Yrd Mat Min Exi Min Turns Passed 2058 | 60 423 508 532 535 Spaces Moved 1265 | 35 196 313 336 385 Core 7 | 7 . . . . Treads 495 | 28 196 244 . 27 Legs . | . . . . . Wheels 354 | . . . . 354 Hover 409 | . . 69 336 4 Flight . | . . . . . Fastest Speed 50 | 50 160 150 150 115 Average Speed 147 | 138 160 157 157 124 Slowest Speed 240 | 160 160 160 220 240 Overloaded Moves . | . . . . . Propulsion Burnouts . | . . . . . Robots Hopped . | . . . . . Cave-ins Triggered . | . . . . . Exploration Rate (%) 52 | 3 39 79 74 69 Regions Visited 4 Branch Regions 3 Pre-discovered Areas . | . . . . . Known Exits Taken . | . . . . . Unknown Exits Taken 4 | 1 1 1 1 . Scrap Searched 3 | . . 1 . 2 Spaces Dug . | . . . . . Terrain Destroyed 1 | . . 1 . . Melee . | . . . . . Projectile 1 | . . 1 . . AOE . | . . . . . Terrain Rammed . | . . . . . Walls Destroyed . | . . . . . Machines Disabled . | . . . . . Actions | -11 -10 -10 -10 -9 --------- Run | Yrd Mat Min Exi Min Total 1375 | 47 251 326 338 413 Wait . | . . . . . Move 1261 | 34 195 312 335 385 Hop . | . . . . . Pick Up 28 | 7 11 4 1 5 Fast Attach . | . . . . . Attach 14 | 6 3 1 . 4 Detach 5 | . 2 1 . 2 Swap 4 | . 1 1 1 1 Drop 8 | . 2 5 1 . Fire 55 | . 37 2 . 16 Melee . | . . . . . Ram . | . . . . . Kick . | . . . . . Crush . | . . . . . Escape Stasis . | . . . . . Rewire . | . . . . . Trap . | . . . . . Miscellaneous . | . . . . . Route ------- -11/Scrapyard -10/Materials -10/Mines (discovered 2 exits: [*Mat] / [*Exi]) -10/Exiles -9/Mines (discovered 1 exit: [*Mat]) History --------- Turn | Location | Event 6 | -11/Scrapyard | Discovered new exit (range 14) 61 | -11/Scrapyard | Entered Materials 255 | -10/Materials | Core integrity fell below 50% 279 | -10/Materials | Discovered new exit (range 16) 305 | -10/Materials | Build established: Mutant 484 | -10/Materials | Entered Mines 545 | -10/Mines | Found a hidden stash of uninstalled traps 826 | -10/Mines | Assembled infested the area 852 | -10/Mines | Met 8R-AWN 904 | -10/Mines | Discovered new exit (range 7) 970 | -10/Mines | Found a damaged Exp. Sensor Array with a note attached 973 | -10/Mines | Found Prototype Device 975 | -10/Mines | Identified Exp. Sensor Array 986 | -10/Mines | Discovered new exit (range 5) 992 | -10/Mines | Entered Exiles 992 | -10/Exiles | Accompanied by 2 allies 1022 | -10/Exiles | Led the pair of lost Derelicts to a safe place 1030 | -10/Exiles | Welcomed by 8R-AWN 1054 | -10/Exiles | Met EX-HEX 1109 | -10/Exiles | Met EX-DEC 1151 | -10/Exiles | Visited The Gauntlet 1484 | -10/Exiles | Discovered new exit (range 14) 1524 | -10/Exiles | Entered Mines 1539 | -9/Mines | Met a Derelict bent on vengeance 1663 | -9/Mines | Received a Rocket Launcher from a helpful Derelict 1688 | -9/Mines | Discovered new exit (range 13) 2041 | -9/Mines | Core integrity fell below 20% 2060 | -9/Mines | Core destroyed Last Messages --------------- T-07 Excavator is excavating. System corrupted: Energy discharge (-100). S-10 Pest destroyed. System corrupted: Adv. Beam Cannon failed to cycle. Power failure, Rnf. Ion Engine shutdown. Overheating: System interference. Adv. Beam Cannon temporarily disabled. Overheating: Com. Wheel damaged (-7). Destroyed Flight Unit. Overheating: Lrg. Storage Unit damaged (-102). Power failure, Rnf. Ion Engine shutdown. Overheating: Matter decay (-66). Destroyed Lgt. Ion Engine. Adv. Beam Cannon destroyed. Com. Wheel destroyed. Com. Wheel broken. Overheating: Short circuit. Overheating: Matter decay (-61). Overheating: Core damaged (-25). Map ----- +----------------------------------------------------+ | | | | | | | | | | | ?????????????????????????????????????????????????? | | ?????????????????????????????????????????????????? | | ?????????????????????????????????????????????????? | | ?????????????????????????????????????????????????? | | ?????????????????????????????????????????????????? | | ##???????????????????????????????????????????????? | | ##??????????????????????????????????????????????? | | #??????????????????????????????????????????????? | | #??????????????????????????????????????????????? | | ##??????????????????????????#???????????????????? | | ####??????????????????????? #???????????????????? | | #??????????????????????? #???????????????????? | | ### #??????????????????????? #???????????????????? | | #?# #?????????????????????? #???????????????????? | | ??# #?????????????????????? ????????????????????? | | ??# #????####??????????#### ????????????????????? | | ### #???## ##?????????# [% ?????????????????????? | | ## ##### #?????????#s =??????????????????????? | | #??????????#ss#??????????????????????? | | ##????####?# #??????????????????????? | | #### """ ##??## ### @#??????????????????????? | | #??# """ #### ## #??????????????????????? | | ???## """ ## #??????????????????????? | | ????## # #??????????????????????? | | ?????## ### #### ##?????????????????????? | | ??????####?## #??## #?????????????????????? | | ????????????## #???## t #????????????????????? | | ?????????????# #????# #????????????????????? | | ?????????????# #????# #???????????????????? | | ?????????????# #????# ??????????????????? | | ?????????????# #????# #????????????????? | | ?????????????# ##### ???????????????? | | ?????????????# ## #?????????????? | | ?????????????# ###### ##??#?????????????? | | ?????????????# #????## ####?????????????????? | | ?????????????# #####?## ##????? ??????????????? | | ?????????????# !!%#???####?????? ?????????????? | | ?????????????# =*#????????????? #?????????????? | | ?????????????##### #????????????? #?????????????? | | ??????????????#### #???????????## #?????????????? | | ??????????????# ######?????## ###???????????? | | ??????????????# ## #?????# ##??????????? | | ??????????????# ####### #?????# #??????????? | | ????????#####?# #?????# #????## ??##???????? | | ???????## ## ##????# #??### ??? ##??????? | +----------------------------------------------------+ Best States ------------- Heat Dissipation 25 Energy Generation 12 Energy Capacity 265 Matter Stores 300 Matter Capacity 300 Sight Range 16 Robot Scan Range 20 Terrain Scan Density 10 Utility Shielding 33 Evasion (%) 40 Recoil Reduction 2 Item Schematics ----------------- None Robot Schematics ------------------ None Fabricated ------------ Nothing Alien Tech Used ----------------- None Achievements -------------- I Survived The Infestation Challenges ------------ None Game ------ Seed HellfireCloakBuckler Manual? 0 Play Time 00:16:54 Cumulative 3.0 hours Start 2024.10.22 @ 21:19:55 End 2024.10.24 @ 13:30:16 Sessions 3 Manual Loads 0 Difficulty Rogue Special Mode None Game No. 8 Rogue 8 Adventurer 0 Explorer 0 Win Type - Total 0 Types 0/0/0/0/0/0/0/0/0 Lore% 5 Gallery% 6 Achievement% 6 Wizard Run 0 Options --------- Layout 1 ASCII 0 Keyboard 0 Movement Mouse Keybinds 0 Fullscreen 1 Font 24/Smallcaps Map View 50x35 Zoom Use 0% Tactical HUD 0 Map Filters NONE Filters NONE Steam 1 RUN: 584ce5cf-68ed-4594-ac93-9c5ef20bb06b